 Dungeon Crawl Stone Soup version 0.31-a0-844-gdc52ec4e09 (webtiles) character file.

Game seed: 12406806465852506073

327 Kurtz the Chopper (level 6, 0/42 HPs)
             Began as an Octopode Fighter on Oct 1, 2023.
             Was an Initiate of Okawaru.
             Slain by Sigmund
             ... wielding a +0 scythe
              (5 damage)
             ... on level 5 of the Dungeon.
             The game lasted 00:02:35 (3204 turns).

Kurtz the Chopper (Octopode Fighter)                Turns: 3204, Time: 00:02:36

Health: 0/42       AC:  1    Str: 14 (15) XL:     6   Next: 50%
Magic:  6/6        EV: 13    Int:  9 (11) God:    Okawaru [......]
Gold:   201        SH:  4    Dex: 12 (13) Spells: 5/5 levels left

rFire   . . .        a - +0 war axe
rCold   . . .        b - +0 buckler
rNeg    . . .        (helmet restricted)
rPois   .            (no amulet)
rElec   .            (no ring)
rCorr   .            (no ring)
SInv    .            (no ring)
Will    .....        (no ring)
Stlth   ++           (no ring)
HPRegen 0.27/turn    (no ring)
MPRegen 0.10/turn    (no ring)
                     (no ring)

%: no passive effects
@: hasted, very quick
A: almost no armour, amphibious, 8 rings, camouflage 1, gelatinous body 1,
(nimble swimmer 1), tentacles
a: Renounce Religion


You were on level 5 of the Dungeon.
You worshipped Okawaru.
Okawaru was noncommittal.
You visited 2 branches of the dungeon, and saw 6 of its levels.

You collected 201 gold pieces.

Inventory:

Hand Weapons
 a - a +0 war axe (weapon)
Missiles
 q - 6 poisoned darts
Armour
 b - a +0 buckler (worn)
Jewellery
 e - a ring of see invisible
Scrolls
 d - 5 scrolls of identify {unknown}
 f - a scroll of fear {unknown}
 h - 2 scrolls of immolation {unknown}
 i - a scroll of amnesia {unknown}
 j - a scroll of fog {unknown}
 m - a scroll of brand weapon {unknown}
 o - a scroll of vulnerability {unknown}
 s - a scroll of blinking {unknown}
Potions
 c - 2 potions of might
 g - a potion of degeneration
 k - 2 potions of haste
 l - a potion of cancellation {unknown}
 n - a potion of curing
 p - a potion of lignification {unknown}
 r - a potion of berserk rage {unknown}


   Skills:
 * Level 3.1 Fighting
 * Level 6.4 Axes
 * Level 3.1 Dodging
 - Level 3.0 Shields
 * Level 0.6 Invocations


You had 5 spell levels left.
You didn't know any spells.
Your spell library contained the following spells:

 Spells                   Type           Power      Damage    Failure   Level
 Magic Dart               Conj           0%         1d3       47%         1
 Sting                    Tmut/Pois      0%         1d3       47%         1
 Poisonous Vapours        Pois/Air       0%         N/A       63%         2
 Mephitic Cloud           Conj/Pois/Air  0%         N/A       85%         3
 Olgreb's Toxic Radiance  Pois           0%         N/A       99%         4
 Call Imp                 Summ           Unusable   N/A       N/A         2

Dungeon Overview and Level Annotations

Branches:
Dungeon (5/15)             Temple (1/1) D:5

Altars:
Dithmenos
Elyvilon
Fedhas
Hepliaklqana
Kikubaaqudgha
Nemelex Xobeh
Okawaru
Qazlal
Sif Muna
Uskayaw
Vehumet
Xom

Shops:
D:2 ?

Annotations:
D:5 Sigmund


Innate Abilities, Weirdness & Mutations

You cannot wear most types of armour.
You are amphibious.
You can wear up to eight rings at the same time.
Your skin changes colour to match your surroundings (Stealth+).
Your rubbery body absorbs attacks. (AC +1, EV +1)
((You are camouflaged when in or above water. (Stealth+)))
You have tentacles for arms and can constrict up to eight enemies at once.


Message History

It was a potion of haste.
You feel yourself speed up.
It was a potion of degeneration.
There was something very wrong with that liquid.
You feel weakened.
You feel dopey.
You feel clumsy.
Sigmund points at you and mumbles some strange words.
The puff of flame hits you!
Unknown command.
It was a potion of curing.
You feel better.
Sigmund casts a spell.
Sigmund flickers and vanishes!
Deactivating autopickup; reactivate with Ctrl-A.
You miss something. Something hits you but does no damage.
You barely miss something. Your squeeze misses something. You slash something!
Something hits you.
You miss something. Your squeeze misses something. You miss something.
Something hits you.
You completely miss something. Something hits you.
You hit something. Your squeeze misses something. You miss something.
Something hits you.
You barely miss something. You miss something. Your squeeze misses something.
You hear some strange, mumbled words.
You are confused.
You closely miss something.
You bump into the rock wall.
Something hits you! Something hits you.
You barely miss something. You miss something. Something hits you!
* * * LOW HITPOINT WARNING * * *
You feel better. Something hits you.
You completely miss something. You miss something.
You hear some strange, mumbled words.
A puff of flame appears from out of thin air!
The puff of flame hits you!
* * * LOW HITPOINT WARNING * * *
You closely miss something. Something barely misses you.
You closely miss something. You miss something. Something hits you.
You die...

#.# ##.. ..# #.#
# #.####.## .#
.######.......#
#.#
.........@....#
###.#
#.#####...{...##
.##.#
#........####.#
..#.# ..####..#
# ..#.# #. #..#
..#.# #.# #..#
....# #.# #..#
..#.####.####..#
.>.............#


There were no monsters in sight!

Vanquished Creatures
  A bullfrog (D:5)
  A howler monkey (D:5)
  A hound (D:5)
  An iguana (D:3)
  7 adders
  A shadow imp (D:5)
  2 worms (D:2)
  4 dart slugs
  An orc (D:5)
  7 ball pythons
  9 bats
  3 endoplasms (D:1)
  4 giant cockroaches
  9 goblins
  8 hobgoblins
  4 jackals
  4 quokkas
  4 frilled lizards
  7 kobolds
  4 rats
82 creatures vanquished.

Notes
Turn   | Place    | Note
-------+----------+-------------------------------------------
     0 | D:1      | Kurtz the Octopode Fighter began the quest for the Orb.
     0 | D:1      | Reached XP level 1. HP: 16/16 MP: 1/1
    61 | D:1      | Reached XP level 2. HP: 21/21 MP: 2/2
   156 | D:1      | Reached skill level 3 in Axes
   367 | D:1      | Reached XP level 3. HP: 26/26 MP: 3/3
   874 | D:2      | Reached skill level 4 in Axes
  1033 | D:2      | Reached XP level 4. HP: 23/31 MP: 4/4
  1218 | D:2      | Found a faded altar of an unknown god.
  1265 | D:2      | Found Coifos's Magic Scroll Shop.
  1795 | D:3      | Reached skill level 5 in Axes
  1795 | D:3      | Reached XP level 5. HP: 18/36 MP: 5/5
  2868 | D:5      | Entered Level 5 of the Dungeon
  2971 | D:5      | Found a staircase to the Ecumenical Temple.
  2988 | Temple   | Entered the Ecumenical Temple
  3002 | Temple   | Became a worshipper of Warmaster Okawaru
  3017 | D:5      | Reached skill level 6 in Axes
  3017 | D:5      | Reached XP level 6. HP: 34/42 MP: 6/6
  3176 | D:5      | Noticed Sigmund
  3204 | D:5      | Slain by Sigmund

Illustrated notes

Levels and vault maps discovered:
D:1:      eino_arrival_water_star, layout_basic, grunt_decor_one_mirror,
          kennysheep_pointless_box
D:2:      layout_basic, serial_forest, infiniplex_forest_lined_room_2,
          infiniplex_forest_clump_medium, infiniplex_forest_side_room,
          infiniplex_forest_clump_small, infiniplex_forest_lined_4_way,
          infiniplex_forest_straight_2, infiniplex_forest_lined_2,
          infiniplex_forest_straight_3, basic_ecumenical_altar, serial_shops,
          shop, minmay_quantized
D:3:      layout_basic, dk_noncrumbling_2
D:4:      layout_basic, lemuel_tele_altar, kennysheep_generic_room_15
D:5:      cheibrodos_barr_body, layout_basic, slow_altar_1,
          minmay_temple_entry_slanted, uniq_sigmund
Temple:   hellmonk_temple_forest_ring

Skill      XL: |  1  2  3  4  5 |
---------------+----------------+-----
Axes           | 3 4 5 6 |  6.4
Fighting       | |  3.1
Dodging        | |  3.1
Shields        | |  3.0
Invocations    | |  0.6

Action                     |  1- 3 |  4- 6 || total
---------------------------+-------+-------++-------
  Melee: War axe           |    52 |   106 ||   158
         Constrict         |    20 |    24 ||    44
         Tentacles         |    12 |    15 ||    27
         Punch             |       |     1 ||     1
    Use: Potion            |       |     4 ||     4
   Stab: Sleeping          |     8 |     7 ||    15
 Armour: Skin              |    22 |    53 ||    75
  Dodge: Dodged            |    23 |    52 ||    75
  Block: Buckler           |     6 |    15 ||    21

Table legend: (Time is in decaauts)
 A = Elapsed time spent in this place.
 B = Non-inter-level travel time spent in this place.
 C = Inter-level travel time spent in this place.
 D = Time resting spent in this place.
 E = Time spent auto-exploring this place.
 F = Levels seen in this place.
 G = Mean time per level.
                   A        B        C        D        E       F      G
               +--------+--------+--------+--------+--------+-----+--------+
         Total |   3242 |   3122 |    120 |    138 |   2397 |   6 |  540.3 |
       Dungeon |   3161 |   3049 |    112 |     83 |   2397 |   5 |  632.2 |
        Temple |     80 |     72 |      8 |     55 |      0 |   1 |   80.0 |
               +--------+--------+--------+--------+--------+-----+--------+

Top non-repeatable levels by time:
     D:3: 1030 daAuts
     D:2: 904 daAuts
     D:1: 830 daAuts
     D:5: 255 daAuts
     D:4: 142 daAuts
  Temple: 80 daAuts
